 Dungeon Crawl Stone Soup version 0.28-a0-622-gbaef9634d7 (webtiles) character file.

Game seed: 3079923742978631255

113 emenbfqeblb the Vexing (level 4, -1/21 HPs)
             Began as a Spriggan Enchanter on Oct 7, 2021.
             Slain by a wyvern skeleton (11 damage)
             ... on level 5 of the Dungeon.
             The game lasted 00:04:42 (2485 turns).

emenbfqeblb the Vexing (Spriggan Enchanter)         Turns: 2485, Time: 00:04:42

Health: -1/21      AC:  3    Str:  5    XL:     4   Next: 65%
Magic:  11/11      EV: 17    Int: 16    God:
Gold:   65         SH:  0    Dex: 15    Spells: 4/12 levels left

rFire   . . .      SeeInvis +   a - +2 dagger (protect)
rCold   . . .      Faith    .   (shield restricted)
rNeg    . . .      Spirit   .   b - +0 robe
rPois   +          Reflect  .   (helmet restricted)
rElec   .          Harm     .   e - +0 cloak
rCorr   .          Rampage  .   (gloves unavailable)
Will    .....                   (boots unavailable)
Stlth   +++.......              d - amulet of the acrobat
HPRegen 1.07/turn               (no ring)
MPRegen 0.12/turn               (no ring)

@: very quick
A: very small, no large weapons, unfitting armour, see invisible, speed 3,
poison resistance, regeneration 1
a: no special abilities


You were on level 5 of the Dungeon.
You visited 1 branch of the dungeon, and saw 5 of its levels.

You collected 98 gold pieces.
You spent 33 gold pieces at shops.

Inventory:

Hand Weapons
 a - a +2 dagger of protection (weapon)
Armour
 b - a +0 robe (worn)
 e - a +0 cloak (worn)
Jewellery
 d - an amulet of the acrobat (around neck)
Scrolls
 h - a scroll of teleportation
Potions
 c - a potion of invisibility
 f - a potion of mutation
 g - 2 potions of attraction {unknown}


   Skills:
 - Level 1.1 Short Blades
 - Level 2.6 Dodging
 - Level 4.4 Stealth
 + Level 4.7 Spellcasting
 + Level 5.3 Hexes


You had 4 spell levels left.
You knew the following spells:

 Your Spells              Type           Power      Damage    Failure   Level
a - Ensorcelled Hibernat  Hex/Ice        24%        N/A       8%          2
b - Tukima's Dance        Hex            20%        N/A       5%          3
c - Dazzling Flash        Conj/Hex       24%        N/A       16%         3

Your spell library contained the following spells:

 Spells                   Type           Power      Damage    Failure   Level
 Confusing Touch          Hex            20%        N/A       5%          3


Dungeon Overview and Level Annotations

Branches:
Dungeon (5/15)
 Temple: D:4-7

Altars:

Shops:
D:5 ?


Innate Abilities, Weirdness & Mutations

You are very small and have problems with some larger weapons.
You are too small for most types of armour.
You have supernaturally acute eyesight. (SInv)
You cover ground extremely quickly. (Speed+++)
Your system is resistant to poisons. (rPois)
Your natural rate of healing is unusually fast.


Message History

The iguana is almost dead.
The iguana closely misses you.
You hit the iguana.
The iguana is almost dead.
The iguana bites you.
You closely miss the iguana.
The iguana is almost dead.
The iguana hisses menacingly.
The iguana closely misses you.
You hit the iguana but do no damage.
The iguana is almost dead.
The iguana completely misses you.
You hit the iguana.
You kill the iguana!
No target in view!
You start resting.
HP restored.
You start resting.
Magic restored.
You start waiting.
Done waiting.
You climb downwards.
The scorpion zombie hits you. x2
There is a stone staircase leading up, spattered with blood here.
Unknown command.
There is an entrance to Latyptic's Magic Scroll Shop here.
h - a scroll of teleportation Thank you for shopping at Latyptic's Magic Scroll Shop!
The scorpion zombie closely misses you.
The centaur shoots an arrow.
The arrow completely misses you.
The scorpion zombie completely misses you.
The centaur shoots an arrow.
The arrow completely misses you.
There is a stone staircase leading up, spattered with blood here.
The centaur shoots an arrow.
The arrow hits you. The scorpion zombie hits you.
You climb upwards.
There is a stone staircase leading down, spattered with blood here.
You climb downwards.
The wyvern skeleton bites you.
The centaur shoots an arrow.
The arrow barely misses you. The scorpion zombie hits you.
The wyvern skeleton bites you!
Ouch! That really hurt!
You die...

### ########8####
.......Z....# ###
##.8Z@.8.#########.##
#...................#
#(...∩..#...... )...#
#..............### #..#
#.>....8.>.8.#.#######..##
...........#.c............
.........8...........Z....
.........##...###.####.#$#
#.....#.###...# #.# #.#.#


You could see a centaur, a scorpion zombie and a wyvern skeleton.

Vanquished Creatures
  An iguana (D:4)
  4 orcs
  6 bats
  6 endoplasms
  3 giant cockroaches (D:2)
  9 goblins
  4 hobgoblins
  4 quokkas
  4 ball pythons
  A frilled lizard (D:2)
  A kobold (D:1)
  3 rats
46 creatures vanquished.

Vanquished Creatures (collateral kills)
  Crazy Yiuf (D:3)
1 creature vanquished.

Grand Total: 47 creatures vanquished

Notes
Turn   | Place    | Note
-------+----------+-------------------------------------------
     0 | D:1      | emenbfqeblb the Spriggan Enchanter began the quest for the
                  | Orb.
     0 | D:1      | Reached XP level 1. HP: 9/9 MP: 5/5
   579 | D:1      | Reached skill level 4 in Hexes
   579 | D:1      | Reached XP level 2. HP: 13/13 MP: 7/7
   582 | D:1      | Learned a level 2 spell: Ensorcelled Hibernation
  1574 | D:2      | Reached XP level 3. HP: 15/16 MP: 9/9
  1822 | D:2      | Gained mutation: Your system is resistant to poisons.
                  | (rPois) [potion of mutation]
  1822 | D:2      | Gained mutation: Your natural rate of healing is unusually
                  | fast. [potion of mutation]
  2159 | D:3      | Found a runed translucent door.
  2164 | D:3      | Learned a level 3 spell: Tukima's Dance
  2168 | D:3      | Learned a level 3 spell: Dazzling Flash
  2168 | D:3      | Noticed Crazy Yiuf
  2178 | D:3      | Killed Crazy Yiuf
  2179 | D:3      | Reached skill level 5 in Hexes
  2179 | D:3      | Reached XP level 4. HP: 21/21 MP: 3/11
  2289 | D:3      | You fall into a shaft and drop 2 floors!
  2289 | D:5      | Entered Level 5 of the Dungeon
  2289 | D:5      | Noticed a sky beast
  2289 | D:5      | Noticed a scorpion
  2289 | D:5      | Noticed a scorpion
  2289 | D:5      | Noticed a centaur
  2289 | D:5      | Noticed a troll
  2289 | D:5      | Noticed a centaur
  2289 | D:5      | Noticed an ogre
  2293 | D:5      | Noticed a yak
  2328 | D:5      | Found Latyptic's Magic Scroll Shop.
  2477 | D:5      | Bought a scroll of teleportation for 33 gold pieces
  2485 | D:5      | Slain by a wyvern skeleton

Illustrated notes

Levels and vault maps discovered:
D:1:      dpeg_arrival_rhombus, layout_basic
D:2:      layout_rooms, guppyfry_early_orc_mine
D:3:      layout_rooms, mainiacjoe_overflow_brackets, dk_noncrumbling_2,
          patterned_corridor, uniq_crazy_yiuf_cottage
D:4:      layout_layer_cave, old_standard_altar, serial_shops,
          nicolae_shop_stone, uniq_robin
D:5:      cheibrodos_fzero, layout_loops_ring, marbit_many_paths, serial_shops,
          nicolae_shop_behind_doors, nicolae_stop_n_shop_2, shop

Skill      XL: |  1  2  3 |
---------------+----------+-----
Spellcasting   | 3 4 |  4.7
Hexes          | 4 5 |  5.3
Short Blades   | |  1.1
Dodging        | |  2.6
Stealth        | |  4.4

Action                   |  1- 3 |  4- 6 || total
-------------------------+-------+-------++-------
Melee: Dagger            |   184 |    27 ||   211
 Cast: Ensorcelled Hiber |     5 |     2 ||     7
       Tukima's Dance    |     2 |       ||     2
  Use: Scroll            |     7 |       ||     7
       Potion            |     1 |       ||     1
 Stab: Sleeping          |    16 |     3 ||    19
Armor: Robe              |    31 |     6 ||    37
Dodge: Dodged            |   158 |    27 ||   185

Table legend: (Time is in decaauts)
 A = Elapsed time spent in this place.
 B = Non-inter-level travel time spent in this place.
 C = Inter-level travel time spent in this place.
 D = Time resting spent in this place.
 E = Time spent auto-exploring this place.
 F = Levels seen in this place.
 G = Mean time per level.
                   A        B        C        D        E       F      G
               +--------+--------+--------+--------+--------+-----+--------+
         Total |   1996 |   1972 |     24 |    256 |   1238 |   5 |  399.2 |
       Dungeon |   1996 |   1972 |     24 |    256 |   1238 |   5 |  399.2 |
               +--------+--------+--------+--------+--------+-----+--------+

Top non-repeatable levels by time:
     D:1: 990 daAuts
     D:2: 711 daAuts
     D:4: 137 daAuts
     D:3: 121 daAuts
     D:5: 36 daAuts
